 Dungeon Crawl Stone Soup version 0.20-a0-984-ge8aa303 (webtiles) character file.

29 Alarkh the Chopper (level 3, 27/27 HPs)
             Began as a Demonspawn Skald on Apr 10, 2017.
             Got out of the dungeon alive.
             The game lasted 00:00:44 (1141 turns).

Alarkh the Chopper (Demonspawn Skald)               Turns: 1141, Time: 00:00:45

Health: 27/27      AC:  6    Str: 11    XL:     3   Next: 1%
Magic:  6/6        EV: 11    Int: 15    God:
Gold:   32         SH:  0    Dex: 12    Spells: 5/6 levels left

rFire    . . .     SeeInvis .   a - +0 hand axe
rCold    . . .     Gourm    .   (no shield)
rNeg     . . .     Faith    .   b - +0 leather armour
rPois    .         Spirit   .   (no helmet)
rElec    .         Reflect  .   (no cloak)
rCorr    .         Harm     .   (no gloves)
MR       .....                  i - +0 pair of boots
Stlth    +.........             (no amulet)
Regen    0.1/turn               (no ring)
MPRegen  0.1/turn               (no ring)

@: no status effects
A: molten scales 1, powered by pain 1
a: no special abilities


You escaped.
You were not hungry.

You visited 1 branch of the dungeon, and saw 1 of its levels.

You collected 32 gold pieces.

Inventory:

Hand Weapons
 a - a +0 hand axe (weapon)
Armour
 b - a +0 leather armour (worn)
 i - a +0 pair of boots (worn)
Scrolls
 j - a scroll of enchant armour {unknown}
 k - a scroll of recharging {unknown}
 l - a scroll of amnesia {unknown}
Potions
 e - 2 potions of lignification {unknown}
 f - a potion of haste {unknown}
Books
 c - a book of Battle

   Spells                             Type                      Level
   a - Infusion                       Charms                       1
   b - Shroud of Golubria             Charms/Translocation         2
   c - Song of Slaying                Charms                       2
   d - Spectral Weapon                Hexes/Charms                 3
   e - Regeneration                   Charms/Necromancy            3
Comestibles
 d - a bread ration
 h - 4 fruits


   Skills:
 - Level 2.0 Fighting
 + Level 3.1 Axes
 - Level 0.8 Armour
 - Level 1.7 Dodging
 - Level 2.0 Spellcasting
 - Level 2.6 Charms


You had 5 spell levels left.
You knew the following spells:

 Your Spells              Type           Power        Failure   Level  Hunger
a - Infusion              Chrm           #...         12%         1    #......


Dungeon Overview and Level Annotations

Branches:
Dungeon (1/15)

Altars:


Innate Abilities, Weirdness & Mutations

You are partially covered in molten scales. (AC +2)
You sometimes gain a little power by taking damage.


Message History

You hit the hobgoblin.
The hobgoblin is almost dead.
The hobgoblin barely misses you.
You hit the hobgoblin but do no damage.
The hobgoblin is almost dead.
The hobgoblin hits you with a club.
You hit the hobgoblin.
You kill the hobgoblin!
You have reached level 3!
Your experience leads to an increase in your attributes!
Increase (S)trength, (I)ntelligence, or (D)exterity?
You feel clever.
Your demonic ancestry asserts itself...
Molten scales grow over part of your body.
All of the chunks of flesh in your inventory have rotted away.
Things that are here:
a club; a hobgoblin corpse
There is an open door here.
There is a staircase leading out of the dungeon here.
Are you sure you want to leave the Dungeon?
This will make you lose the game!
You have escaped!

#.# ##...#####.##.#..# ..# #...#
#.........# #.#### #...#
#.#.......# .....# #...#
#.#.#..##.# ####
.....######...###.#....(..# #...
#.#....................(..####...
#................>...............
##........##########..#.#..###...
.....######..##.@.##.......# #...
##.#.# #..##...##.##.#..# ####
.....# #..####'#(.##.#..# ##.###
###..####....##.#..##
#.######.#'##..)..#........## #
#........#.......##.##.##...## #
#..#.###.....#'####.##.......# #
##..#.###...#'#....#.#####...####
....#.....###.#....#.####.#......


There were no monsters in sight!

Vanquished Creatures
  An ooze (D:1)
  2 dart slugs (D:1)
  2 giant cockroaches (D:1)
  2 hobgoblins (D:1)
  4 bats (D:1)
  A frilled lizard (D:1)
  4 goblins (D:1)
  3 kobolds (D:1)
  2 rats (D:1)
21 creatures vanquished.

Notes
Turn   | Place    | Note
-------+----------+-------------------------------------------
     0 | D:1      | Alarkh the Demonspawn Skald began the quest for the Orb.
     0 | D:1      | Reached XP level 1. HP: 16/16 MP: 3/3
    13 | D:1      | Reached skill level 2 in Axes
   103 | D:1      | Gained mutation: You sometimes gain a little power by taking damage. [demonic ancestry]
   103 | D:1      | Reached XP level 2. HP: 12/22 MP: 5/5
   723 | D:1      | Reached skill level 3 in Axes
  1079 | D:1      | Gained mutation: You are partially covered in molten scales. (AC +2) [demonic ancestry]
  1079 | D:1      | Reached XP level 3. HP: 22/27 MP: 6/6
  1141 | D:$      | Got out of the dungeon alive.

Vault maps used:
D:1:      dpeg_arrival_short_road

Skill      XL: |  1  2 |
---------------+-------+-----
Axes           | 2 3 |  3.1
Fighting       | |  2.0
Armour         | |  0.8
Dodging        | |  1.7
Spellcasting   | |  2.0
Charms         | |  2.6

Action                   || total
-------------------------++-------
Melee: Hand axe          ||    90
  Eat: Chunk             ||     1
Armor: Leather armour    ||    33
Dodge: Dodged            ||    60
